AoeStats
← 只会打步弓

Arena

509371570Analyzed
4v4 RM · 7d ago on Sep 26, 2026· 53m 23s· 8 players
Game mode
Random Map
Map size
Large (8 player)
Population
200
Speed
Normal
Resources
Standard
Victory
Conquest
Starting age
Dark Age
Ending age
Imperial Age
RankedLock teamsTeams togetherTeam positionsShared explorationLock speedFull tech treeHidden civsTurbo modeCheats
Victory
Defeat
🇨🇳 Georgians · China
1497
+19
🇸🇪 Danes · Sweden
1477
+20
🇩🇪 Varangians · Germany
1466
+20
🇨🇳 Persians · China
1450
+21
🇨🇳 Mongols · China
1585
-20
🇨🇳 Huns · China
1583
-21
🇨🇳 Celts · China
1553
-20
🇨🇳 Khmer · China
1539
-19
hurm0k [PT]
10:36 Feudal Age
10:08 Loom
14:33 Castle Age
12:39 Double-Bit Axe
14:28 Forging
14:42 Horse Collar
15:04 Scale Mail Armor
15:10 Fletching
18:49 Arson
25:18 Chain Mail Armor
25:22 Squires
28:00 Wheelbarrow
28:59 Bow Saw
28:32 Light Cavalry
29:27 Husbandry
31:58 Bloodlines
33:27 Hand Cart
33:19 Gold Mining
33:44 Pikeman
33:57 Hamask
35:38 Iron Casting
40:19 Imperial Age
38:30 Gold Shaft Mining
41:35 Plate Mail Armor
40:27 Halberdier
41:45 Conscription
43:40 Onager
45:30 Elite Varangian Guard
49:49 Heavy Plow
50:53 Blast Furnace
51:01 Caravan
52:03 Onager
Sir Hans Capon
10:08 Feudal Age
14:08 Castle Age
12:04 Horse Collar
13:00 Double-Bit Axe
18:47 Loom
20:31 Bow Saw
20:58 Heavy Plow
22:18 Wheelbarrow
23:59 Hand Cart
23:49 Gold Mining
28:25 Imperial Age
27:36 Scale Mail Armor
27:46 Forging
28:02 Squires
27:47 Arson
28:32 Chain Mail Armor
28:09 Gambesons
28:31 Stone Mining
29:21 Elite Varangian Guard
31:46 Plate Mail Armor
31:57 Iron Casting
34:32 Blast Furnace
34:19 Coinage
36:46 Fletching
37:18 Ballistics
37:24 Bodkin Arrow
38:33 Chemistry
37:53 Masonry
38:05 Conscription
38:38 Conscription
37:40 Gothikon
39:31 Bracer
39:12 Treadmill Crane
40:47 Banking
40:28 Guilds
41:20 Two-Man Saw
40:54 Crop Rotation
42:55 Capped Ram
44:09 Onager
44:31 Siege Ram
46:02 Siege Engineers
46:53 Caravan
向阳花
11:28 Feudal Age
15:06 Castle Age
14:01 Double-Bit Axe
14:04 Horse Collar
17:17 Wheelbarrow
23:47 Bow Saw
24:32 Gold Mining
24:34 Stone Mining
24:46 Heavy Plow
26:21 Hand Cart
30:07 Imperial Age
27:53 Guard Tower
28:28 Loom
28:56 Svan Towers
29:12 Ballistics
28:34 Treadmill Crane
28:54 Fletching
29:53 Masonry
29:41 Bodkin Arrow
30:32 Scale Barding Armor
30:39 Forging
32:04 Keep
31:52 Chain Barding Armor
31:35 Bracer
31:04 Light Cavalry
31:45 Husbandry
33:16 Chemistry
32:02 Arrowslits
32:43 Bloodlines
32:19 Hussar
33:59 Conscription
34:01 Chain Barding Armor
35:30 Plate Barding Armor
35:31 Iron Casting
38:18 Stone Shaft Mining
38:55 Blast Furnace
40:05 Town Watch
41:21 Architecture
40:53 Murder Holes
45:12 Padded Archer Armor
45:26 Elite Skirmisher
46:26 Leather Archer Armor
46:08 Cavalier
51:18 Caravan
第一滴血
10:19 Feudal Age
13:54 Castle Age
12:17 Double-Bit Axe
12:14 Horse Collar
15:00 Wheelbarrow
22:06 Hand Cart
22:22 Heavy Plow
24:04 Bow Saw
23:45 Gold Mining
28:23 Imperial Age
25:39 Loom
25:40 Town Watch
27:04 Gold Shaft Mining
26:20 Stone Mining
27:12 Scale Barding Armor
28:27 Chain Barding Armor
28:17 Forging
28:10 Elite War Elephant
29:12 Conscription
29:47 Crop Rotation
29:43 Fletching
30:09 Bloodlines
29:59 Husbandry
31:05 Two-Man Saw
31:45 Plate Barding Armor
31:46 Iron Casting
35:26 Blast Furnace
37:54 Stone Shaft Mining
40:58 Light Cavalry
46:40 Coinage
48:33 Caravan
50:02 Hussar
51:29 Banking
LUCKY
11:34 Feudal Age
12:59 Double-Bit Axe
15:23 Castle Age
13:15 Horse Collar
16:14 Bow Saw
16:21 Heavy Plow
22:49 Wheelbarrow
23:20 Loom
24:06 Hand Cart
24:02 Gold Mining
26:03 Gold Shaft Mining
26:05 Stone Mining
29:37 Imperial Age
29:09 Marauders
29:25 Scale Barding Armor
29:31 Forging
30:34 Chain Barding Armor
29:49 Elite Tarkan
30:50 Conscription
30:34 Husbandry
30:45 Bloodlines
29:56 Light Cavalry
30:31 Town Watch
32:59 Two-Man Saw
33:06 Plate Barding Armor
33:31 Coinage
33:44 Iron Casting
36:51 Blast Furnace
36:25 Banking
36:59 Hussar
39:34 Fletching
40:44 Bodkin Arrow
41:53 Bracer
43:13 Ballistics
43:54 Chemistry
43:05 Masonry
43:25 Caravan
43:59 Pikeman
44:40 Squires
44:26 Arson
45:35 Scale Mail Armor
45:39 Halberdier
只会打步弓
9:56 Feudal Age
12:46 Castle Age
10:49 Double-Bit Axe
11:20 Horse Collar
19:40 Loom
21:54 Wheelbarrow
21:55 Heavy Plow
22:14 Bow Saw
23:48 Hand Cart
27:30 Imperial Age
25:31 Scale Barding Armor
25:37 Forging
26:06 Gold Mining
26:07 Stone Mining
27:11 Chain Barding Armor
27:27 Iron Casting
28:34 Gold Shaft Mining
28:17 Bloodlines
28:07 Husbandry
27:53 Elite Battle Elephant
30:26 Plate Barding Armor
30:54 Conscription
31:42 Blast Furnace
31:45 Crop Rotation
31:52 Stone Shaft Mining
33:25 Tusk Swords
36:47 Caravan
38:06 Sanctity
38:11 Scale Mail Armor
37:59 Pikeman
38:38 Arson
39:09 Chain Mail Armor
38:59 Halberdier
45:06 Coinage
45:59 Fletching
46:49 Banking
48:47 Bodkin Arrow
LY006
9:33 Feudal Age
14:28 Castle Age
12:59 Double-Bit Axe
13:17 Horse Collar
15:47 Bow Saw
16:14 Loom
17:38 Wheelbarrow
18:50 Fletching
22:20 Bodkin Arrow
31:01 Imperial Age
30:40 Husbandry
30:42 Padded Archer Armor
31:52 Leather Archer Armor
31:56 Bracer
32:39 Ballistics
33:24 Fortified Wall
33:02 Elite Mangudai
36:27 Caravan
37:05 Thumb Ring
38:52 Chemistry
38:24 Hand Cart
38:39 Masonry
41:11 Bloodlines
小胖子
10:06 Feudal Age
13:49 Castle Age
12:30 Double-Bit Axe
12:25 Horse Collar
25:44 Wheelbarrow
28:37 Imperial Age
28:35 Hand Cart
29:00 Onager
31:12 Loom
32:13 Pikeman
33:44 Halberdier
35:28 Siege Engineers
38:37 Chemistry
37:58 Ballistics
38:23 Heavy Scorpion
43:25 Scale Mail Armor
43:35 Forging
45:30 Furor Celtica
45:43 Conscription
47:12 Chain Mail Armor
47:33 Iron Casting
48:49 Caravan
50:56 Plate Mail Armor
51:26 Blast Furnace
Connection lost

Rejoining the realm…

Still unreachable

The connection could not be restored.

Session expired

The server has moved on; the page needs a fresh start.